 Dungeon Crawl Stone Soup version 0.31-a0-656-gb4d89c20fa (webtiles) character file.

Game seed: 1341498110228479311

70876 demibob the Executioner (level 14, -7/202 HPs)
             Began as a Minotaur Berserker on Aug 30, 2023.
             Was the Champion of Trog.
             Killed by divine providence
             ... invoked by an orc priest
              (10 damage)
             ... on level 2 of the Orcish Mines.
             The game lasted 00:33:28 (18634 turns).

demibob the Executioner (Minotaur Berserker)       Turns: 18634, Time: 00:33:28

Health: -7/202     AC: 22    Str: 30    XL:     14   Next: 95%
Magic:  4/4        EV:  9    Int:  4    God:    Trog [******]
Gold:   2265       SH:  0    Dex: 11    Spells: 13/13 levels left

rFire   . . .        b - +6 executioner's axe (antimagic)
rCold   + . .        (shield currently unavailable)
rNeg    . . .        y - +1 plate armour {rC+}
rPois   .            (helmet restricted)
rElec   .            (no cloak)
rCorr   +            r - +2 pair of gloves
SInv    +            o - +0 pair of boots
Will    +....        z - amulet of faith {!P} Stlth
                     R - ring of resist corrosion
HPRegen 0.53/turn    v - ring of see invisible
MPRegen 0.09/turn

%: faith
@: berserking (expiring), very quick
A: horns 2, retaliatory headbutt, camouflage 1, passive freeze, strong 2, wild
magic 1
a: Renounce Religion, Berserk, Trog's Hand, Brothers in Arms


You were on level 2 of the Orcish Mines.
You worshipped Trog.
Trog was exalted by your worship.
You visited 3 branches of the dungeon, and saw 19 of its levels.
You also visited: Sewer and Ossuary.

You collected 2265 gold pieces.


Innate Abilities, Weirdness & Mutations

You have a pair of horns on your head.
You reflexively headbutt those who attack you in melee.
Your skin changes colour to match your surroundings (Stealth+).
A frigid envelope surrounds you and freezes all who hurt you.
Your muscles are very strong. (Str +8, Int/Dex -2)
Your spells are a little harder to cast, but a little more powerful.


   Skills:
 + Level 15.2 Fighting
 * Level 23.8 Axes
 + Level 14.2 Armour
 - Level 2.1 Dodging


You had 13 spell levels left.
You didn't know any spells.
Your spell library was empty.

Inventory:

Hand Weapons
 a - a +1 executioner's axe of flaming
 b - a +6 antimagic executioner's axe (weapon)
Missiles
 p - 2 throwing nets (quivered) {=f}
Armour
 o - a +0 pair of boots (worn)
 r - a +2 pair of gloves (worn)
 y - a +1 plate armour of cold resistance (worn)
 E - +0 ice dragon scales
Jewellery
 h - an amulet of guardian spirit
 v - a ring of see invisible (right hand)
 x - an amulet of the acrobat
 z - an amulet of faith (around neck) {!P}
 K - an amulet of regeneration
 R - a ring of resist corrosion (left hand)
Talismans
 s - a flux talisman
Wands
 k - a wand of flame (27)
 q - a wand of charming (15)
 D - a wand of roots (9)
 F - a wand of polymorph (6)
 M - a wand of mindburst (12)
Scrolls
 c - 5 scrolls of enchant armour
 d - 8 scrolls of teleportation {@r2}
 l - a scroll of brand weapon
 t - 3 scrolls of revelation
 u - 6 scrolls of identify {@r1}
 A - a scroll of enchant weapon
 C - 3 scrolls of blinking
 G - 2 scrolls of poison
 J - a scroll of acquirement
 N - a scroll of fear
Potions
 e - 5 potions of attraction
 f - 10 potions of curing {@q1}
 g - 6 potions of mutation
 i - 2 potions of enlightenment
 j - 3 potions of heal wounds {@q2}
 m - a potion of ambrosia
 n - 2 potions of haste {@q3}
 w - a potion of berserk rage {!q}
 B - 2 potions of invisibility
 I - a potion of cancellation
 L - 4 potions of might
Miscellaneous
 H - a box of beasts

Dungeon Overview and Level Annotations

Branches:
Dungeon (12/15)            Temple (0/1) D:6            Lair (5/5) D:9
  Swamp (0/4) Lair:2        Snake (0/4) Lair:3        Slime (0/5) Lair:4
    Orc (2/2) D:12            Elf (0/3) Orc:2         Sewer (visited)
Ossuary (visited)

Altars:
Cheibriados
Dithmenos
Elyvilon
Fedhas
Gozag
Hepliaklqana
Kikubaaqudgha
Okawaru
Sif Muna
Vehumet
Wu Jian
Jiyva

Shops:
Orc:2 **

Annotations:
D:4 1 runed translucent door, jimbutter's ghost, amateur MiGl
D:8 1 runed translucent door, baller8008's ghost, novice MiFi
Lair:1 exclusion: oklob plant
Lair:3 exclusion: oklob plant
Orc:1 3 runed translucent doors, Doj's ghost, novice MiBe
Orc:2 5 runed translucent doors, exclusions: obsidian statue and orange crystal statue, Rupert; rjrrt's ghost, journeyman HOBe

**,,,,*****,,,,,,,,,*****,,,,,
***,,..8..oo........,8,,,,,,,
**,,...............,,,,,,,,,
*,,,..o......⚑......,,,,,,,, *
**>*,,..............,,,,,,,, *
***,,8.............8,,,,,,, *
**** ****▒▒.........▒****,,,,,
**,,** *▒..)))......***,,,,,,
*,,,,* **,,,▒@)...▒,,,**,,,,,,
**,.#****,,,*▒)))..▒*,,,**,,,,,
**....#*,,,**▒8)).8▒**,,,*,,,**
***,#....*∩,*▒▒▒.)...▒***,∩*,,,*,
*,,,.....▒▒▒▒#.▒.....▒.,****,,,,,
,,,,#..........)........,*,,,,,,,
*,,,.....................,,,,**,,
***,#................#...*,****,,
****#..............#...*** **,


You could see an orc warrior, an orc priest and an orc.


Message History

The orc wizard no longer looks unusually strong.
You barely miss the orc warrior.
The orc warrior is almost dead.
You slice the orc warrior!!
You kill the orc warrior!
Trog accepts your kill.
An orc comes into view. It is wielding a +0 hand axe.
An orc warrior comes into view. It is wielding a +0 short sword.
You barely miss the orc wizard.
The orc shouts!
You slice the orc wizard!!
You kill the orc wizard!
Trog accepts your kill.
Trog appreciates your killing of a magic user.
You miss the orc wizard. You headbutt the orc wizard!
You feel the power of Trog in you as your rage grows.
You kill the orc wizard!
Trog accepts your kill.
Trog appreciates your killing of a magic user.
You closely miss the orc wizard. You slash the orc wizard!
You kill the orc wizard!
Trog accepts your kill.
Trog appreciates your killing of a magic user.
The orc warrior unwields a +0 short sword.
The orc warrior wields a +0 orcbow.
The orc warrior shoots an arrow.
The arrow barely misses you.
The orc priest mumbles some strange prayers to Beogh against you.
Beogh smites you!
You die...

Skill      XL: |  1  2  3  4  5  6  7  8  9 10 11 12 13 14 |
---------------+-------------------------------------------+-----
Axes           | 4 5 7 8 9 10 12 14 16 19 20 22 23 | 23.8
Armour         | 3 5 7 8 9 10 12 14 | 14.2
Fighting       | 5 8 10 12 13 15 | 15.2
Dodging        | |  2.1

Action                     |  1- 3 |  4- 6 |  7- 9 | 10-12 | 13-15 || total
---------------------------+-------+-------+-------+-------+-------++-------
  Melee: Hand axe          |    75 |   154 |   279 |    70 |       ||   578
         Headbutt          |     9 |    22 |    78 |    70 |   107 ||   286
         Punch             |       |     2 |     4 |     2 |       ||     8
         Battleaxe         |       |       |       |   279 |   231 ||   510
         Broad axe         |       |       |       |       |     8 ||     8
         Executioner's axe |       |       |       |       |   262 ||   262
  Throw: Throwing net      |       |       |       |     2 |       ||     2
 Invoke: Berserk           |     1 |     3 |     7 |     4 |     3 ||    18
  Evoke: Wand              |       |       |       |     7 |       ||     7
    Use: Scroll            |     3 |     4 |     6 |     6 |     9 ||    28
         Potion            |       |       |     1 |     2 |     2 ||     5
   Stab: Held in net/web   |       |       |       |     2 |       ||     2
         Petrified         |       |       |       |       |     4 ||     4
         Petrifying        |       |       |       |       |     1 ||     1
 Armour: Animal skin       |     9 |     7 |       |       |       ||    16
         Chain mail        |       |    57 |   100 |       |       ||   157
         Ring mail         |       |       |    16 |    38 |       ||    54
         Plate armour      |       |       |       |    88 |   230 ||   318
  Dodge: Dodged            |    40 |    65 |   105 |    84 |   156 ||   450

Levels and vault maps discovered:
D:1:      minmay_arrival_plants_in_alcoves, layout_basic,
          chequers_serial_rivers_room_a, nicolae_eternal_life
D:2:      minmay_recursive_quarters, layout_loops_ring, uniq_sigmund,
          uniq_terence
D:3:      layout_basic, minmay_quantized
D:4:      minmay_skewed_foursquare, layout_basic, ebering_ghost_reflecting_pool,
          enter_ossuary_4, hangedman_decor_slide_cut,
          kennysheep_generic_room_10, uniq_eustachio, uniq_duvessa
D:5:      layout_loops_ring, okawaru_trees_1, mainiacjoe_overflow_alcove_1,
          mainiacjoe_overflow_concentric_impassable, kennysheep_little_box,
          uniq_pikel, uniq_ijyb
D:6:      wad_river_or_something, layout_rooms,
          minmay_temple_entry_antechambers, portal_sewer_entry_b,
          uniq_blork_the_orc
D:7:      layout_rooms, slow_altar_2
D:8:      layout_rooms, mainiacjoe_overflow_brackets,
          amethyst_overflow_temple_binary, hellmonk_ghost_happy_afterlife
D:9:      layout_rooms, mainiacjoe_overflow_tiny_flanked, dpeg_lair_monsters
D:10:     layout_rooms, chequers_decorated_corner, uniq_urug
D:11:     layout_roguey, hangedman_decor_peaks_small, minmay_misc_feat_room,
          roderic_serpentine_path, minmay_puff
D:12:     layout_cave_pools, orc_david_3, lightli_corner_chamber
Lair:1:   lemuel_slime, layout_regular_city, fungi_pond_lemuel, uniq_jeremiah
Lair:2:   nzn_winding_woodlands_small [nzn_winding_woodlands_5x15_concentric,
          nzn_winding_woodlands_center_diamonds,
          nzn_winding_woodlands_5x15_eye], layout_loops_ring,
          nicolae_swamp_entry_spooky, chequers_serial_rivers_small_3,
          uniq_nergalle
Lair:3:   layout_hall_layers, minmay_snake_entry_guardpost_medium,
          lemuel_oklob_altar, uniq_josephine
Lair:4:   layout_hall_layers, minmay_slime_entry_pillars
Lair:5:   minmay_lair_end_frog_pond, layout_loops_ring, evilmike_ambush
          [evilmike_ambush_outer_basic, evilmike_ambush_inner_basic],
          infiniplex_staircase_pool
Orc:1:    layout_caves, gammafunk_ghost_fury_of_okawaru, guppyfry_library_mini
Orc:2:    grunt_orc_cross, layout_diamond_mine, ebering_ghost_gozag,
          chequers_guarded_unrand_ignorance, uniq_rupert

Notes
Turn   | Place    | Note
-------+----------+-------------------------------------------
     0 | D:1      | demibob the Minotaur Berserker began the quest for the Orb.
     0 | D:1      | Reached XP level 1. HP: 19/19 MP: 0/0
    30 | D:1      | Reached skill level 4 in Axes
    64 | D:1      | Reached XP level 2. HP: 26/26 MP: 1/1
   368 | D:1      | Reached skill level 5 in Axes
   372 | D:1      | Reached ** piety under Trog
   374 | D:1      | Reached XP level 3. HP: 28/31 MP: 2/2
  1040 | D:2      | Noticed Sigmund
  1058 | D:2      | Killed Sigmund
  1059 | D:2      | Reached skill level 7 in Axes
  1059 | D:2      | Reached XP level 4. HP: 39/39 MP: 3/3
  1059 | D:2      | Reached XP level 5. HP: 45/45 MP: 4/4
  1150 | D:2      | Reached skill level 8 in Axes
  1242 | D:2      | Noticed Terence
  1253 | D:2      | Killed Terence
  1254 | D:2      | Reached XP level 6. HP: 50/51 MP: 5/5
  2282 | D:3      | Reached skill level 3 in Armour
  2525 | D:4      | Found a sand-covered staircase.
  2532 | Ossuary  | Entered an ossuary
  2720 | Ossuary  | Reached *** piety under Trog
  2770 | Ossuary  | Reached skill level 9 in Axes
  2975 | Ossuary  | Reached XP level 7. HP: 57/57 MP: 6/6
  3014 | D:4      | Reached skill level 4 in Armour
  3291 | D:4      | Noticed Eustachio
  3319 | D:4      | Killed Eustachio
  3320 | D:4      | Reached skill level 10 in Axes
  3320 | D:4      | Reached skill level 5 in Armour
  3613 | D:4      | Reached **** piety under Trog
  3664 | D:4      | Reached XP level 8. HP: 64/64 MP: 7/7
  3723 | D:4      | Noticed Duvessa
  3724 | D:4      | Noticed Dowan
  3725 | D:4      | Found a runed translucent door.
  3735 | D:4      | Killed Dowan
  3740 | D:4      | Killed Duvessa
  3741 | D:4      | Reached skill level 11 in Axes
  3782 | D:4      | Noticed jimbutter's ghost (amateur MiGl)
  3849 | D:4      | Reached skill level 6 in Armour
  4224 | D:5      | Entered Level 5 of the Dungeon
  4251 | D:5      | Found an iron altar of Okawaru.
  4349 | D:5      | Noticed Ijyb
  4354 | D:5      | Killed Ijyb
  4556 | D:5      | Found a shadowy altar of Dithmenos.
  4558 | D:5      | Found a radiant altar of Vehumet.
  4571 | D:5      | Noticed Pikel
  4589 | D:5      | Killed Pikel
  4590 | D:5      | Reached skill level 12 in Axes
  4590 | D:5      | Reached skill level 7 in Armour
  4696 | D:5      | Found a hazy altar of Hepliaklqana.
  4898 | D:5      | Reached XP level 9. HP: 51/66 MP: 8/8
  5177 | D:6      | Found a staircase to the Ecumenical Temple.
  5219 | D:6      | Noticed Blork the orc
  5225 | D:6      | Killed Blork the orc
  5239 | D:6      | Found a glowing drain.
  5252 | Sewer    | Entered a sewer
  5293 | Sewer    | Noticed Pargi
  5300 | Sewer    | Killed Pargi
  5301 | Sewer    | Reached skill level 13 in Axes
  5478 | D:6      | Reached skill level 8 in Armour
  5654 | D:6      | Reached ***** piety under Trog
  5671 | D:6      | Reached skill level 14 in Axes
  5703 | D:6      | Identified the +0 ring mail of Distant Worlds {Harm Will+
                  | Int-2 Slay+5}
  6053 | D:7      | Reached skill level 4 in Fighting
  6100 | D:7      | Reached skill level 5 in Fighting
  6113 | D:7      | Reached XP level 10. HP: 71/81 MP: 9/9
  6276 | D:7      | Reached skill level 15 in Axes
  6540 | D:7      | Found a snail-covered altar of Cheibriados.
  6912 | D:8      | Found an ancient bone altar of Kikubaaqudgha.
  6974 | D:8      | Reached skill level 6 in Fighting
  7021 | D:8      | Noticed a manticore
  7032 | D:8      | Killed a manticore
  7182 | D:8      | Found a runed translucent door.
  7185 | D:8      | Noticed baller8008's ghost (novice MiFi)
  7205 | D:8      | Received a gift from Trog
  7240 | D:8      | Found a blossoming altar of Fedhas.
  7240 | D:8      | Found an ornate altar of the Wu Jian Council.
  7468 | D:9      | Reached skill level 16 in Axes
  7469 | D:9      | Reached skill level 7 in Fighting
  7499 | D:9      | Noticed a death yak
  7516 | D:9      | Killed a death yak
  7560 | D:9      | Identified the +1 robe of Nudets {rElec rPois rF+ Int-5}
  7666 | D:9      | Found a staircase to the Lair.
  7667 | D:9      | Noticed a two-headed ogre
  7667 | D:9      | Noticed a death yak
  7676 | D:9      | Killed a two-headed ogre
  7677 | D:9      | Reached skill level 8 in Fighting
  7677 | D:9      | Noticed a death yak
  7680 | D:9      | Killed a death yak
  7681 | D:9      | Reached XP level 11. HP: 91/94 MP: 3/10
  7686 | D:9      | Noticed a two-headed ogre
  7688 | D:9      | Killed a death yak
  7689 | D:9      | Reached skill level 17 in Axes
  7695 | D:9      | Killed a two-headed ogre
  7700 | D:9      | Noticed a two-headed ogre
  7705 | D:9      | Killed a two-headed ogre
  7889 | D:9      | Reached skill level 9 in Fighting
  8346 | D:9      | Found a shimmering blue altar of Sif Muna.
  8474 | D:9      | Gained mutation: Your muscles are strong. (Str +4, Int/Dex
                  | -1) [potion of mutation]
  8474 | D:9      | Gained mutation: Your muscles are very strong. (Str +8,
                  | Int/Dex -2) [potion of mutation]
  8474 | D:9      | Gained mutation: You have hidden genetic potential. [potion
                  | of mutation]
  8474 | D:9      | Gained mutation: A frigid envelope surrounds you and
                  | freezes all who hurt you. [potion of mutation]
  8514 | Lair:1   | Entered Level 1 of the Lair of Beasts
  8514 | Lair:1   | Noticed a death yak
  8514 | Lair:1   | Noticed a death yak
  8514 | Lair:1   | Noticed a death yak
  8514 | Lair:1   | Noticed a death yak
  8514 | Lair:1   | Noticed a death yak
  8514 | Lair:1   | Noticed a death yak
  8521 | Lair:1   | Killed a death yak
  8522 | Lair:1   | Reached skill level 18 in Axes
  8526 | Lair:1   | Killed a death yak
  8528 | Lair:1   | Killed a death yak
  8529 | Lair:1   | Killed a death yak
  8530 | Lair:1   | Reached skill level 10 in Fighting
  8530 | Lair:1   | Killed a death yak
  8534 | Lair:1   | Killed a death yak
  8658 | Lair:1   | You fall into a shaft and drop 1 floor!
  8755 | Lair:2   | Reached skill level 19 in Axes
  8896 | Lair:1   | Reached skill level 9 in Armour
  8896 | Lair:1   | Reached XP level 12. HP: 81/108 MP: 3/11
  8904 | Lair:1   | Reached skill level 11 in Fighting
  9228 | Lair:1   | Gained mutation: Your skin changes colour to match your
                  | surroundings (Stealth+). [hidden potential]
  9539 | Lair:1   | Received a gift from Trog
  9845 | Lair:1   | Reached skill level 20 in Axes
  9845 | Lair:1   | Reached skill level 10 in Armour
 10009 | Lair:1   | Noticed Jeremiah
 10025 | Lair:1   | Killed Jeremiah
 10647 | Lair:2   | Reached skill level 12 in Fighting
 10792 | Lair:2   | Noticed a six-headed hydra
 10804 | Lair:2   | Killed a seven-headed hydra
 10943 | Lair:2   | Noticed Nergalle
 10952 | Lair:2   | Killed Nergalle
 10953 | Lair:2   | Reached XP level 13. HP: 119/119 MP: 4/12
 10970 | Lair:2   | Reached skill level 11 in Armour
 11082 | Lair:2   | Found a staircase to the Swamp.
 11369 | Lair:2   | Reached skill level 21 in Axes
 11607 | Lair:3   | Noticed Josephine
 11620 | Lair:3   | Killed Josephine
 11626 | Lair:3   | Reached skill level 13 in Fighting
 11633 | Lair:3   | Gained mutation: Your spells are a little harder to cast,
                  | but a little more powerful. [hidden potential]
 11633 | Lair:3   | Lost mutation: You have hidden genetic potential. [hidden
                  | potential expressed]
 11916 | Lair:3   | Found a white marble altar of Elyvilon.
 11961 | Lair:3   | Found a staircase to the Snake Pit.
 12369 | Lair:3   | Received a gift from Trog
 12373 | Lair:3   | Reached skill level 12 in Armour
 12750 | Lair:4   | Reached skill level 22 in Axes
 13115 | Lair:4   | Found a viscous altar of Jiyva.
 13115 | Lair:4   | Found a staircase to the Slime Pits.
 13614 | Lair:5   | Entered Level 5 of the Lair of Beasts
 13659 | Lair:5   | Reached XP level 14. HP: 115/130 MP: 4/13
 13695 | Lair:5   | Reached skill level 14 in Fighting
 13959 | Lair:5   | Reached ****** piety under Trog
 13989 | Lair:5   | Reached skill level 13 in Armour
 14183 | Lair:5   | Received a gift from Trog
 14468 | Lair:5   | Reached skill level 23 in Axes
 14752 | Lair:5   | Identified the +2 robe of Relativism {rPois rC++ Regen+
                  | Int+3}
 15229 | D:10     | Entered Level 10 of the Dungeon
 15612 | D:10     | Noticed Urug
 15622 | D:10     | Killed Urug
 16256 | D:11     | Received a gift from Trog
 17097 | D:12     | Found a staircase to the Orcish Mines.
 17111 | D:12     | Reached skill level 15 in Fighting
 17545 | Orc:1    | Entered Level 1 of the Orcish Mines
 17605 | Orc:1    | Found a runed translucent gate.
 17606 | Orc:1    | Found a runed translucent gate.
 17607 | Orc:1    | Found a runed translucent gate.
 17607 | Orc:1    | Noticed Doj's ghost (novice MiBe)
 17607 | Orc:1    | Noticed a stone giant
 18146 | Orc:1    | Found an iron altar of Okawaru.
 18168 | Orc:2    | Entered Level 2 of the Orcish Mines
 18175 | Orc:2    | Found a runed translucent door.
 18180 | Orc:2    | Identified a scroll of acquirement
 18190 | Orc:2    | Found the +10 tower shield of Ignorance {rN+ Int-4}
 18202 | Orc:2    | Found a runed translucent door.
 18204 | Orc:2    | Reached skill level 14 in Armour
 18253 | Orc:2    | Noticed Rupert
 18560 | Orc:2    | Found a runed translucent gate.
 18560 | Orc:2    | Found a runed translucent gate.
 18560 | Orc:2    | Found a runed translucent gate.
 18563 | Orc:2    | Found an opulent altar of Gozag.
 18565 | Orc:2    | Noticed rjrrt's ghost (journeyman HOBe)
 18565 | Orc:2    | Found Unujimuco's Assorted Antiques.
 18566 | Orc:2    | Found Lumyss's Assorted Antiques.
 18586 | Orc:2    | Noticed an orc warlord
 18595 | Orc:2    | Received a gift from Trog
 18604 | Orc:2    | Killed an orc warlord
 18625 | Orc:2    | HP: 19/202 [orc priest/+0 dagger (2)]
 18625 | Orc:2    | HP: 1/202 [orc warrior/+0 flail (18)]
 18634 | Orc:2    | Killed from afar by an orc priest

Vanquished Creatures
  An orc warlord (Orc:2)
  5 hydras
  Josephine (Lair:3)
  A ghost crab (Lair:2)
  A catoblepas (Lair:4)
  6 two-headed ogres
  9 death yaks
  Urug (D:10)
  Nergalle (Lair:2)
  2 spectral death yaks (Lair:2)
  2 goliath frogs (Lair:5)
  4 skysharks
  3 orc knights (Orc:2)
  Pikel (D:5)
  3 manticores
  2 deep elf pyromancers
  2 cyclopes
  2 orc sorcerers (Orc:2)
  21 elephants
  6 black mambas
  23 cane toads
  Jeremiah (Lair:1)
  7 komodo dragons
  2 unseen horrors
  A rime drake (Lair:2)
  A burning bush (Lair:5)
  2 hornets
  2 polar bears
  2 trolls (D:12)
  19 blink frogs
  3 tyrant leeches (Lair:5)
  Sigmund (D:2)
  7 slime creatures
  6 wraiths
  4 wyverns
  4 shadows (D:11)
  Eustachio (D:4)
  36 yaks
  4 basilisks
  5 steam dragons
  6 vampire mosquitoes
  A spectral cane toad (Lair:2)
  5 nagas (Lair:3)
  12 water moccasins
  A warg (Orc:2)
  Pargi (Sewer)
  Duvessa (D:4)
  3 ice beasts
  20 orc warriors
  4 sky beasts (D:6)
  2 spectral yaks (Lair:2)
  5 black bears
  5 ogres
  A spectral rime drake (Lair:2)
  4 wolves (Lair:1)
  5 centaurs
  2 phantoms (D:4)
  3 lemures (D:5)
  Blork the orc (D:6)
  A spectral water moccasin (Lair:2)
  3 gnoll sergeants
  19 bullfrogs
  Dowan (D:4)
  8 wights
  4 killer bees (D:10)
  An electric eel (Lair:5)
  4 howler monkeys
  3 centaur zombies (Ossuary)
  2 hounds
  12 orc priests
  13 jellies
  An iron imp (D:7)
  Ijyb (D:5)
  Terence (D:2)
  4 iguanas
  23 orc wizards
  3 sleepcaps
  A hell rat (D:9)
  4 mummies (Ossuary)
  16 gnolls
  2 river rats
  11 adders
  A white imp (D:6)
  An ufetubus (D:5)
  2 dart slugs
  2 worms
  71 orcs
  4 bats
  21 endoplasms
  6 giant cockroaches
  10 goblins
  7 hobgoblins
  7 jackals (D:1)
  8 kobolds
  4 quokkas
  14 ball pythons
  9 frilled lizards
  2 gnoll zombies (Ossuary)
  A goblin zombie (D:4)
  2 kobold zombies (Ossuary)
  An orc zombie (Ossuary)
  11 rats
  A rat zombie (D:4)
610 creatures vanquished.

Vanquished Creatures (others)
  A water moccasin (Lair:2)
  An orc wizard (D:8)
2 creatures vanquished.

Grand Total: 612 creatures vanquished

Table legend: (Time is in decaauts)
 A = Elapsed time spent in this place.
 B = Non-inter-level travel time spent in this place.
 C = Inter-level travel time spent in this place.
 D = Time resting spent in this place.
 E = Time spent auto-exploring this place.
 F = Levels seen in this place.
 G = Mean time per level.
                   A        B        C        D        E       F      G
               +--------+--------+--------+--------+--------+-----+--------+
         Total |  18503 |  17929 |    574 |   1239 |  14010 |  21 |  881.1 |
       Dungeon |  10186 |   9826 |    360 |    454 |   7882 |  12 |  848.8 |
          Lair |   6624 |   6436 |    188 |    449 |   5112 |   5 | 1324.8 |
  Orcish Mines |   1033 |   1008 |     25 |    225 |    626 |   2 |  516.5 |
         Sewer |    194 |    194 |      0 |      0 |    132 |   1 |  194.0 |
       Ossuary |    463 |    463 |      0 |    110 |    257 |   1 |  463.0 |
               +--------+--------+--------+--------+--------+-----+--------+

Top non-repeatable levels by time:
  Lair:1: 1712 daAuts
  Lair:2: 1358 daAuts
     D:4: 1351 daAuts
  Lair:5: 1348 daAuts
     D:9: 1174 daAuts
  Lair:3: 1118 daAuts
  Lair:4: 1085 daAuts
     D:1: 968 daAuts
     D:5: 935 daAuts
    D:11: 865 daAuts
   Orc:1: 842 daAuts
     D:2: 840 daAuts
     D:8: 729 daAuts
    D:12: 717 daAuts
    D:10: 707 daAuts

Table legend:
 A = Non-vault XP
 B = Vault XP
 C = Vault XP percentage of total XP
 D = Non-vault monster count
 E = Vault monster count
 F = Vault count percentage of total count
                 A         B        C        D         E       F
            +---------+---------+-------+---------+---------+-------
      Total |   63713 |   37572 |  37.1 |     397 |     212 |  34.8
            +---------+---------+-------+---------+---------+-------
        D:1 |      52 |       0 |   0.0 |      32 |       0 |   0.0
        D:2 |      21 |     327 |  94.0 |      14 |      12 |  46.2
        D:3 |      98 |      19 |  16.2 |      12 |       4 |  25.0
        D:4 |     535 |     568 |  51.5 |      28 |      12 |  30.0
        D:5 |     415 |     653 |  61.1 |      15 |       2 |  11.8
        D:6 |     628 |     813 |  56.4 |      13 |      14 |  51.9
        D:7 |    1521 |      40 |   2.6 |      21 |       1 |   4.5
        D:8 |    1642 |       0 |   0.0 |      26 |       0 |   0.0
        D:9 |    4995 |    2486 |  33.2 |      25 |       6 |  19.4
       D:10 |    2941 |     798 |  21.3 |      18 |       1 |   5.3
       D:11 |    2382 |    1834 |  43.5 |      17 |       6 |  26.1
       D:12 |    3427 |       9 |   0.3 |       7 |       3 |  30.0
     Lair:1 |   14063 |     675 |   4.6 |      39 |      22 |  36.1
     Lair:2 |    5461 |    7298 |  57.2 |      26 |      18 |  40.9
     Lair:3 |    9170 |    2728 |  22.9 |      29 |      11 |  27.5
     Lair:4 |    9153 |     563 |   5.8 |      23 |       4 |  14.8
     Lair:5 |    4520 |   12458 |  73.4 |      12 |      39 |  76.5
      Orc:1 |    1460 |     215 |  12.8 |      32 |       9 |  22.0
      Orc:2 |    1229 |    5712 |  82.3 |       8 |      28 |  77.8
      Sewer |       0 |     157 | 100.0 |       0 |       8 | 100.0
    Ossuary |       0 |     219 | 100.0 |       0 |      12 | 100.0
            +---------+---------+-------+---------+---------+-------
